 Dungeon Crawl Stone Soup version 0.23.2-1-ga50397a (webtiles) character file.

Game seed: 18398280066226093318

24003 Fang the Fighter (level 13, -5/86 HPs)
             Began as a Gargoyle Berserker on Apr 23, 2019.
             Was a High Priest of Trog.
             Slain by a komodo dragon (21 damage)
             ... on level 2 of the Lair of Beasts on Apr 24, 2019.
             The game lasted 00:13:22 (12974 turns).

Fang the Fighter (Gargoyle Berserker)              Turns: 12974, Time: 00:13:22

Health: -5/86      AC: 21    Str: 25    XL:     13   Next: 10%
Magic:  13/13      EV: 15    Int: 11    God:    Trog [*****.]
Gold:   726        SH:  0    Dex:  9    Spells: 12/12 levels left

rFire    . . .     SeeInvis .   h - +3 battleaxe (flame)
rCold    + . .     Gourm    .   (shield currently unavailable)
rNeg     + + +     Faith    .   p - +2 ring mail of Gallantry {rN++ rCorr}
rPois    ∞         Spirit   .   H - +2 hat
rElec    +         Reflect  .   (no cloak)
rCorr    +         Harm     .   (no gloves)
MR       ++...                  (no boots)
Stlth    ..........             w - amulet of regeneration
HPRegen  1.64/turn              B - ring of protection from cold
MPRegen  0.13/turn              o - +2 ring of intelligence

@: regenerating
A: negative energy resistance 1, electricity resistance, unbreathing,
petrification resistance, rot immunity, AC +9
a: Berserk, Trog's Hand, Brothers in Arms, Renounce Religion


You were on level 2 of the Lair of Beasts.
You worshipped Trog.
Trog was extremely pleased with you.
You were hungry.

You visited 3 branches of the dungeon, and saw 14 of its levels.

You collected 726 gold pieces.

Inventory:

Hand Weapons
 a - a +2 battleaxe
 h - a +3 battleaxe of flaming (weapon)
 E - a +5 war axe of chopping
Armour
 p - the +2 ring mail of Gallantry (worn) {rN++ rCorr}
   (You found it on level 2 of the Lair of Beasts)

   It greatly protects you from negative energy.
   It provides partial protection from all sources of acid and corrosion.
 v - a +4 plate armour
 H - a +2 hat (worn)
Jewellery
 k - a +4 amulet of reflection
 o - a +2 ring of intelligence (right hand)
 w - an amulet of regeneration (around neck)
 B - a ring of protection from cold (left hand)
 C - an uncursed ring of flight
 I - an uncursed ring of positive energy
Wands
 m - a wand of acid (11)
 r - a wand of paralysis (9)
 G - a wand of random effects (22)
 J - a wand of enslavement (11)
Scrolls
 b - 3 scrolls of fear
 d - a scroll of identify
 f - 2 scrolls of teleportation
 i - 12 scrolls of remove curse
 u - 5 scrolls of blinking
Potions
 e - 2 potions of haste
 j - 3 potions of heal wounds
 l - 3 potions of agility
 n - a potion of invisibility
 q - 3 potions of curing
 t - 7 potions of flight
 z - a potion of brilliance
 K - a potion of resistance
Comestibles
 c - 27 rations
 g - 10 chunks of flesh


   Skills:
 + Level 12.2 Fighting
 + Level 10.4 Axes
 + Level 11.9 Armour
 + Level 9.4 Dodging


You had 12 spell levels left.
You didn't know any spells.
Your spell library was empty.

Dungeon Overview and Level Annotations

Branches:
Dungeon (11/15)            Temple (1/1) D:5            Lair (2/6) D:11
    Orc (0/2) D:11
  Swamp: Lair:2-4    Shoals: Lair:2-4     Snake: Lair:2-4    Spider: Lair:2-4

Altars:
Cheibriados
Dithmenos
Fedhas
Gozag
Hepliaklqana
Kikubaaqudgha
Makhleb
Nemelex Xobeh
Okawaru
Qazlal
Ru
Sif Muna
Trog
Vehumet
Wu Jian
Xom
Yredelemnul
Zin
The Shining One

Shops:
D:4 [   D:8 *


Innate Abilities, Weirdness & Mutations

You are resistant to torment.
Your stone body is resilient. (AC +9)
You are immune to poison.
You resist negative energy. (rN+)
You are resistant to electric shocks. (rElec)
You can survive without breathing.
You are immune to petrification.
You are immune to rotting.


Message History

You are too injured to fight recklessly!
You are too injured to fight recklessly!
You are too injured to fight recklessly!
You are too injured to fight recklessly!
You are too injured to fight recklessly!
You are too injured to fight recklessly!
You are too injured to fight recklessly!
You are too injured to fight recklessly!
You are too injured to fight recklessly!
You are too injured to fight recklessly!
You are too injured to fight recklessly!
You are too injured to fight recklessly!
You are too injured to fight recklessly!
You are too injured to fight recklessly!
Your skin crawls.
You feel resistant to hostile enchantments.
You are feeling hungry.
The porcupine barely misses you. The porcupine misses you.
The komodo dragon bites you!!
You die...

.P# ....
..###................P#
.<.#.P............:...#
..#...................#
....#.#...............#
...## .. .............#
....## ........F....#
.....# ......rDl.#
.....# ......r@### .##
.....# ........#.##..#
......# #....#...###..#
.....## ##..
##....#..## ....## ##
##.......# .####
##......# ## ##
##.....##.# ##.......#
##......#


You could see a four-headed hydra, a komodo dragon, a spiny frog and 2
porcupines.

Vanquished Creatures
  A hydra (Lair:2)
  Erica (D:11)
  2 unseen horrors
  A moth of wrath (D:7)
  2 ugly things (D:11)
  2 cyclopes (D:11)
  A black mamba (Lair:1)
  4 elephants (Lair:2)
  A centaur zombie (D:10)
  4 spiny frogs (Lair:1)
  4 komodo dragons
  Prince Ribbit (D:7)
  A hornet (D:10)
  3 blink frogs (Lair:1)
  A hippogriff (D:10)
  A wraith (D:11)
  2 water elementals (D:11)
  4 hogs (D:7)
  A wyvern (D:10)
  32 yaks
  A human (D:7)
  A steam dragon (D:10)
  2 hungry ghosts
  A soldier ant (D:11)
  6 water moccasins
  6 porcupines
  4 black bears
  6 orc warriors
  Purgy (D:4)
  3 sky beasts
  3 phantoms
  2 centaurs (D:8)
  3 ogres
  4 crocodiles
  2 big kobolds (D:11)
  13 bullfrogs
  A water moccasin skeleton (D:10)
  3 scorpions
  4 killer bees (D:10)
  7 wights
  An electric eel (D:11)
  4 crimson imps
  3 jellies
  A quasit (D:9)
  7 orc priests
  2 bullfrog skeletons (D:11)
  4 hounds
  12 orc wizards
  5 centaur skeletons
  Terence (D:2)
  4 iguanas
  9 worker ants
  A killer bee zombie (D:10)
  A hound zombie (D:7)
  4 hound skeletons
  15 adders
  7 gnolls
  2 oozes
  An adder skeleton (D:4)
  3 worms
  2 dart slugs
  5 leopard geckos
  62 orcs
  6 bats
  7 giant cockroaches
  9 goblins
  9 hobgoblins
  8 jackals
  2 quokkas
  A ball python (D:5)
  6 frilled lizards
  A jackal zombie (D:5)
  17 kobolds
  A leopard gecko skeleton (D:4)
  A leopard gecko zombie (D:8)
  A quokka skeleton (D:7)
  6 rats
  A fungus (D:11)
  3 plants (D:11)
377 creatures vanquished.

Vanquished Creatures (collateral kills)
  The ghost of Gadfly the Cleaver, a novice FoFi of Elyvilon (D:7)
  A hippogriff (D:7)
  A yak (D:7)
3 creatures vanquished.

Vanquished Creatures (others)
  39 fungi
  7 plants (D:11)
46 creatures vanquished.

Grand Total: 426 creatures vanquished

Notes
Turn   | Place    | Note
-------+----------+-------------------------------------------
     0 | D:1      | Fang the Gargoyle Berserker began the quest for the Orb.
     0 | D:1      | Reached XP level 1. HP: 14/14 MP: 1/1
   461 | D:1      | Reached XP level 2. HP: 18/19 MP: 2/2
   748 | D:1      | Reached XP level 3. HP: 16/23 MP: 3/3
  1120 | D:2      | Reached ** piety under Trog
  1181 | D:2      | Found a sparkling altar of Nemelex Xobeh.
  1959 | D:2      | Reached XP level 4. HP: 24/29 MP: 4/4
  2015 | D:2      | Noticed Terence
  2025 | D:2      | Killed Terence
  2025 | D:2      | Reached skill level 4 in Fighting
  2103 | D:2      | Found a shadowy altar of Dithmenos.
  2306 | D:3      | Noticed an orc warrior
  2330 | D:3      | Reached XP level 5. HP: 30/33 MP: 5/5
  2335 | D:3      | Killed an orc warrior
  2335 | D:3      | Reached XP level 6. HP: 29/39 MP: 6/6
  2815 | D:3      | Reached skill level 5 in Fighting
  3017 | D:3      | Found a snail-covered altar of Cheibriados.
  3018 | D:3      | Found an iron altar of Okawaru.
  3019 | D:3      | Found a stormy altar of Qazlal.
  3019 | D:3      | Found a glowing golden altar of the Shining One.
  3025 | D:3      | Found a blossoming altar of Fedhas.
  3026 | D:3      | Found a burning altar of Makhleb.
  3118 | D:3      | Reached XP level 7. HP: 44/44 MP: 7/7
  3238 | D:3      | Found a deep blue altar of Sif Muna.
  3603 | D:4      | Reached *** piety under Trog
  3629 | D:4      | Found Gadwooc's Antique Armour Emporium.
  3759 | D:4      | Noticed Purgy
  3794 | D:4      | Killed Purgy
  3794 | D:4      | Reached skill level 5 in Armour
  4516 | D:4      | Reached XP level 8. HP: 47/51 MP: 8/8
  4701 | D:5      | Entered Level 5 of the Dungeon
  4764 | D:5      | Reached skill level 6 in Fighting
  4774 | D:5      | Reached skill level 5 in Axes
  4991 | D:5      | Found an ornate altar of the Wu Jian Council.
  5534 | D:5      | Found a staircase to the Ecumenical Temple.
  5542 | Temple   | Entered the Ecumenical Temple
  5664 | D:5      | Found a sacrificial altar of Ru.
  6304 | D:6      | Reached **** piety under Trog
  6536 | D:7      | Reached XP level 9. HP: 48/56 MP: 9/9
  6544 | D:7      | Reached skill level 7 in Fighting
  6565 | D:7      | Reached skill level 5 in Dodging
  6777 | D:7      | Noticed Gadfly's ghost (novice FoFi)
  6787 | D:7      | Found a transporter.
  6794 | D:7      | Noticed Prince Ribbit
  6833 | D:7      | Killed Prince Ribbit
  6892 | D:7      | Noticed a moth of wrath
  6914 | D:7      | Found a transporter.
  7274 | D:7      | Reached skill level 8 in Fighting
  7573 | D:7      | Killed a moth of wrath
  7573 | D:7      | Reached XP level 10. HP: 32/64 MP: 10/10
  7576 | D:7      | Killed Gadfly's ghost
  7776 | D:8      | Found Zin's Purification Station.
  7781 | D:8      | Found a glowing silver altar of Zin.
  8293 | D:9      | Paralysed by fainting for 11 turns
  8991 | D:10     | Entered Level 10 of the Dungeon
  8997 | D:10     | Reached skill level 9 in Fighting
  9194 | D:10     | Killed an unseen horror
  9194 | D:10     | Reached XP level 11. HP: 46/71 MP: 11/11
  9410 | D:10     | Reached ***** piety under Trog
  9424 | D:10     | Reached skill level 10 in Fighting
  9814 | D:11     | Noticed a cyclops
  9824 | D:11     | Killed a cyclops
  9959 | D:11     | Noticed Erica
  9985 | D:11     | Killed Erica
 10061 | D:11     | Reached skill level 10 in Armour
 10126 | D:11     | Noticed a white ugly thing
 10147 | D:11     | Killed a white ugly thing
 10420 | D:11     | Found an opulent altar of Gozag.
 10545 | D:11     | Found a staircase to the Lair.
 10628 | D:11     | Reached XP level 12. HP: 60/79 MP: 12/12
 10656 | D:11     | Received a gift from Trog
 10761 | D:11     | Reached skill level 11 in Fighting
 11024 | D:11     | Found a staircase to the Orcish Mines.
 11304 | Lair:1   | Entered Level 1 of the Lair of Beasts
 11438 | Lair:1   | Received a gift from Trog
 11929 | Lair:1   | Reached skill level 10 in Axes
 12503 | Lair:2   | Reached skill level 12 in Fighting
 12517 | Lair:2   | Noticed an eight-headed hydra
 12527 | Lair:2   | Killed a two-headed hydra
 12527 | Lair:2   | Reached XP level 13. HP: 35/86 MP: 13/13
 12899 | Lair:2   | Got a citrine-encrusted ring mail
 12910 | Lair:2   | Identified the +2 ring mail of Gallantry {rN++ rCorr} (You
                  | found it on level 2 of the Lair of Beasts)
 12974 | Lair:2   | Slain by a komodo dragon

Skill      XL: |  1  2  3  4  5  6  7  8  9 10 11 12 |
---------------+-------------------------------------+-----
Axes           | 3 4 5 6 8 9 10 | 10.4
Dodging        | 2 3 4 5 7 8 9 |  9.4
Armour         | 3 4 5 6 7 9 10 11 | 11.9
Fighting       | 4 5 6 8 9 10 12 | 12.2

Action                   |  1- 3 |  4- 6 |  7- 9 | 10-12 | 13-15 || total
-------------------------+-------+-------+-------+-------+-------++-------
Melee: Hand axe          |   153 |   152 |   688 |   140 |       ||  1133
       War axe           |       |       |       |   443 |       ||   443
       Battleaxe         |       |       |       |   112 |    32 ||   144
Invok: Berserk           |       |     1 |     4 |     2 |       ||     7
       Trog's Hand       |       |     1 |     2 |     1 |     1 ||     5
       Brothers in Arms  |       |       |     1 |       |       ||     1
  Use: Scroll            |       |       |       |    28 |       ||    28
 Stab: Sleeping          |     1 |       |       |       |       ||     1
  Eat: Chunk             |     2 |     6 |    18 |    17 |     1 ||    44
       Ration            |       |       |     1 |     3 |       ||     4
Armor: Animal skin       |    60 |     4 |       |       |       ||    64
       Chain mail        |       |    98 |   456 |   254 |       ||   808
       Plate armour      |       |       |       |   357 |     6 ||   363
       Ring mail         |       |       |       |       |    18 ||    18
Dodge: Dodged            |   101 |    86 |   359 |   472 |    33 ||  1051
Block: Other             |    18 |    30 |   118 |       |       ||   166
       Reflection        |     1 |       |       |       |       ||     1
